 Dungeon Crawl Stone Soup version 0.28-a0-1080-g05a166d0ed (webtiles) character file.

Game seed: 12982791501601725048

680 enile the Skirmisher (level 7, -5/69 HPs)
             Began as a Minotaur Monk on Dec 10, 2021.
             Slain by a scorpion (6 damage)
             ... on level 4 of the Dungeon.
             The game lasted 00:10:14 (5049 turns).

enile the Skirmisher (Minotaur Monk)                Turns: 5049, Time: 00:10:16

Health: -5/69      AC:  6    Str: 16    XL:     7   Next: 34%
Magic:  7/7        EV:  6    Int:  7    God:
Gold:   140        SH:  0    Dex: 12    Spells: 6/6 levels left

rFire   . . .      SeeInvis .   a - +0 mace
rCold   . . .      Faith    .   (no shield)
rNeg    . . .      Spirit   .   h - +0 ring mail
rPois   .          Reflect  .   (helmet restricted)
rElec   .          Harm     .   (no cloak)
rCorr   .          Rampage  .   (no gloves)
Will    .....                   j - +0 pair of boots
Stlth   +.........              e - amulet of the acrobat
HPRegen 0.21/turn               m - ring of flight
MPRegen 0.10/turn               (no ring)

@: lethally poisoned (-5 -> -15), lit by a corona, about to teleport, flying,
held, glowing
A: horns 2, retaliatory headbutt, robust 1, weak 1
a: no special abilities


You were on level 4 of the Dungeon.
You visited 1 branch of the dungeon, and saw 4 of its levels.

You collected 140 gold pieces.

Inventory:

Hand Weapons
 a - a +0 mace (weapon)
Missiles
 l - 26 poisoned darts (quivered)
Armour
 b - a +0 robe
 f - a +2 robe of positive energy
 h - a +0 ring mail (worn)
 j - a +0 pair of boots (worn)
Jewellery
 e - an amulet of the acrobat (around neck)
 m - a ring of flight (left hand)
 n - a ring of wizardry
 p - a ring of magical power
Wands
 c - a wand of flame (15)
Scrolls
 d - 4 scrolls of identify {unknown}
 k - a scroll of brand weapon {unknown}
 o - a scroll of fear {unknown}
 q - a scroll of amnesia {unknown}
Potions
 i - a potion of cancellation


   Skills:
 + Level 6.1 Fighting
 - Level 6.0 Maces & Flails
 - Level 3.0 Throwing
 - Level 3.1 Armour
 - Level 3.2 Dodging
 - Level 2.0 Stealth
 - Level 2.0 Invocations
 - Level 2.0 Evocations


You had 6 spell levels left.
You didn't know any spells.
Your spell library contained the following spells:

 Spells                   Type           Power      Damage    Failure   Level
 Passwall                 Tmut/Erth      0%         N/A       78%         2
 Ozocubu's Armour         Ice            0%         N/A       95%         3
 Portal Projectile        Hex/Tloc       0%         N/A       95%         3
 Swiftness                Air            0%         N/A       95%         3
 Blade Hands              Tmut           0%         N/A       100%        5
 Excruciating Wounds      Necr           0%         N/A       100%        5
 Ozocubu's Refrigeration  Ice            0%         4d5       100%        7


Dungeon Overview and Level Annotations

Branches:
Dungeon (4/15)
 Temple: D:4-7

Altars:

Shops:
D:3 *


Innate Abilities, Weirdness & Mutations

You have a pair of horns on your head.
You reflexively headbutt those who attack you in melee.
You are robust. (+10% HP)
You are weak. (Str -2)


Message History

The gnoll shaman is heavily wounded.
The gnoll closely misses you. The gnoll hits you with a +0 whip.
The gnoll shaman hits you but does no damage.
The gnoll hits you with a +0 flail. The gnoll barely misses you.
You are too injured to fight recklessly!
You are too injured to fight recklessly!
There are monsters nearby!
Unknown command.
The gnoll completely misses you.
The gnoll shaman calls upon its god to speed up the gnoll.
The gnoll seems to speed up.
The gnoll hits you with a +0 flail!
* * * LOW HITPOINT WARNING * * *
The gnoll shaman calls upon its god to speed up the gnoll.
The gnoll seems to speed up.
There is an open door here.
Sorry, you're not good enough to have a special ability.
As you read the scroll labelled TALIBAUDGHEXT, it crumbles to dust.
You feel strangely unstable.
It was a scroll of teleportation.
The gnoll hits you with a +0 whip.
* * * LOW HITPOINT WARNING * * *
The scorpion misses you. You furiously retaliate!
You headbutt the scorpion. The gnoll hits you but does no damage.
The gnoll barely misses you.
The scorpion stings you but does no damage.
The gnoll throws a throwing net.
The throwing net hits you.
You become entangled in the net!
You see here a throwing net.
You struggle against the net.
The gnoll closely misses you. The scorpion stings you.
* * * LOW HITPOINT WARNING * * *
You are lethally poisoned!
The scorpion poisons you! The gnoll hits you with a +0 flail.
* * * LOW HITPOINT WARNING * * *
You struggle against the net.
* * * LOW HITPOINT WARNING * * *
You feel very sick. The gnoll completely misses you.
The gnoll hits you with a +0 flail.
* * * LOW HITPOINT WARNING * * *
The scorpion stings you.
You die...

.. #... ... #... ... #..#
######### #'##..#######.........
#.....#.....#..........
#.....#.....#..........
#....g#.....#..........
.....#...g.#g[...#...........
......#.....g@....#...........
............sg................
#+#.......#................#....
...# #...##............##...#
...# #...#.#..........#.#...#
...# #....#.##......##.#....#
...# #.....##.#....#.##.....#
...#####.....#.#.#..#.#.#.....#
......###.....#.##..##.#......#


You could see a gnoll shaman, a scorpion and 3 gnolls.

Vanquished Creatures
  Sigmund (D:3)
  A black bear (D:2)
  An ogre (D:4)
  A phantom (D:4)
  A water moccasin skeleton (D:4)
  An orc priest (D:4)
  A jelly (D:4)
  Robin (D:2)
  2 adders
  A gnoll (D:3)
  2 worms
  3 dart slugs
  8 orcs
  2 bats (D:1)
  7 endoplasms
  4 giant cockroaches
  19 goblins
  9 hobgoblins
  5 jackals
  2 quokkas
  8 ball pythons
  4 frilled lizards
  5 kobolds
  3 rats
92 creatures vanquished.

Notes
Turn   | Place    | Note
-------+----------+-------------------------------------------
     0 | D:1      | enile the Minotaur Monk began the quest for the Orb.
     0 | D:1      | Reached XP level 1. HP: 19/19 MP: 0/0
   102 | D:1      | Reached XP level 2. HP: 24/27 MP: 1/1
   782 | D:2      | Reached XP level 3. HP: 35/35 MP: 2/2
   950 | D:2      | Reached skill level 5 in Fighting
  1103 | D:2      | Reached skill level 1 in Armour
  1364 | D:2      | Gained mutation: You are weak. (Str -2) [potion of
                  | mutation]
  1364 | D:2      | Gained mutation: You are robust. (+10% HP) [potion of
                  | mutation]
  1702 | D:3      | Noticed Sigmund
  1720 | D:3      | Killed Sigmund
  1721 | D:3      | Reached skill level 5 in Maces & Flails
  1721 | D:3      | Reached XP level 4. HP: 36/48 MP: 3/3
  1721 | D:3      | Reached XP level 5. HP: 42/55 MP: 4/4
  1807 | D:3      | Found Buloaq's General Store.
  1978 | D:3      | Noticed a black bear
  2024 | D:3      | Reached skill level 1 in Throwing
  2031 | D:3      | Noticed Robin
  3068 | D:2      | Killed a black bear
  3069 | D:2      | Reached XP level 6. HP: 29/62 MP: 5/5
  3271 | D:2      | Killed Robin
  4202 | D:4      | Reached skill level 1 in Evocations
  4202 | D:4      | Reached XP level 7. HP: 48/69 MP: 6/6
  4590 | D:4      | Reached skill level 1 in Invocations
  5049 | D:4      | HP: 1/69 [gnoll (3)]
  5049 | D:4      | Slain by a scorpion

Illustrated notes

Levels and vault maps discovered:
D:1:      amcnicky_arrival_blooded_trapdoor, layout_basic
D:2:      layout_loops_cross, kennysheep_generic_room_4
D:3:      minmay_skewed_foursquare, layout_rooms, serial_shops, shop,
          uniq_robin, uniq_sigmund
D:4:      layout_gridville, roderic_serpentine_path, corner_web_ring,
          kennysheep_path_1, minmay_misc_feat_secret_circle,
          grunt_ministairs_11, hex_tiny, roderic_roman_lattice

Skill      XL: |  1  2  3  4  5  6  7 |
---------------+----------------------+-----
Fighting       | 4 6 |  6.1
Maces & Flails | 4 5 6 |  6.0
Armour         | 3 |  3.1
Stealth        | 2 |  2.0
Throwing       | 2 3 |  3.0
Evocations     | 1 2 |  2.0
Invocations    | 2 |  2.0
Dodging        | |  3.2

Action                   |  1- 3 |  4- 6 |  7- 9 || total
-------------------------+-------+-------+-------++-------
Melee: Mace              |    89 |   100 |    47 ||   236
       Headbutt          |    11 |    13 |     4 ||    28
Throw: Dart              |       |     5 |    11 ||    16
  Use: Potion            |     4 |       |       ||     4
       Scroll            |       |     2 |     1 ||     3
 Stab: Sleeping          |     2 |     1 |       ||     3
Armor: Robe              |    11 |    33 |       ||    44
       Ring mail         |       |       |     7 ||     7
Dodge: Dodged            |    76 |   124 |    47 ||   247

Table legend: (Time is in decaauts)
 A = Elapsed time spent in this place.
 B = Non-inter-level travel time spent in this place.
 C = Inter-level travel time spent in this place.
 D = Time resting spent in this place.
 E = Time spent auto-exploring this place.
 F = Levels seen in this place.
 G = Mean time per level.
                   A        B        C        D        E       F      G
               +--------+--------+--------+--------+--------+-----+--------+
         Total |   5088 |   4785 |    303 |    519 |   3392 |   4 | 1272.0 |
       Dungeon |   5088 |   4785 |    303 |    519 |   3392 |   4 | 1272.0 |
               +--------+--------+--------+--------+--------+-----+--------+

Top non-repeatable levels by time:
     D:2: 2014 daAuts
     D:1: 1100 daAuts
     D:3: 1080 daAuts
     D:4: 893 daAuts
